 Dungeon Crawl Stone Soup version 0.32-a0-747-gc8563f6773 (webtiles) character file.

Game seed: 8596998784930595476

130 cforsyth the Chopper (level 4, -1/40 HPs)
             Began as a Mountain Dwarf Cinder Acolyte on Mar 17, 2024.
             Was a High Priest of Ignis.
             Slain by a hound (5 damage)
             ... on level 3 of the Dungeon.
             The game lasted 00:03:06 (2544 turns).

cforsyth the Chopper (MDCA)                         Turns: 2544, Time: 00:03:06

Health: -1/40      AC:  2    Str: 19    XL:     4   Next: 90%
Magic:  2/6        EV: 10    Int: 14    God:    Ignis [*****.]
Gold:   147        SH:  0    Dex:  5    Spells: 4/6 levels left

rFire   + . .        a - +0 hand axe (flame)
rCold   . . .        (no shield)
rNeg    . . .        b - +0 robe
rPois   .            (no helmet)
rElec   .            (no cloak)
rCorr   .            (no gloves)
SInv    .            (no boots)
Will    .....        (no amulet)
Stlth   +            (no ring)
HPRegen 0.26/turn    (no ring)
MPRegen 0.10/turn

%: no passive effects
@: weak-willed
A: runic magic, artefact enchanting
a: Renounce Religion, Fiery Armour, Foxfire Swarm, Rising Flame


You were on level 3 of the Dungeon.
You worshipped Ignis.
Ignis was extremely pleased with you.
You visited 1 branch of the dungeon, and saw 4 of its levels.

You collected 147 gold pieces.


Innate Abilities, Weirdness & Mutations

Your spellcasting is much less encumbered by armour.
You can use scrolls of enchantment on lesser artefacts.


   Skills:
 + Level 4.0 Fighting
 + Level 4.4 Axes
 + Level 2.0 Armour
 + Level 1.9 Spellcasting
 + Level 4.4 Fire Magic


You had 4 spell levels left.
You knew the following spells:

 Your Spells              Type           Power      Damage    Failure   Level
X - Scorch                Fire           26%        2d6       6%          2

Your spell library contained the following spells:

 Spells                   Type           Power      Damage    Failure   Level


Inventory:

Hand Weapons
 a - a +0 hand axe of flaming (weapon)
Armour
 b - a +0 robe (worn)
 c - a +0 pair of gloves of strength
Jewellery
 C - a ring of ice
Scrolls
 f - 3 scrolls of fear {unknown}
 k - a scroll of noise {unknown}
Potions
 d - 2 potions of brilliance {unknown}
 e - a potion of resistance {unknown}
 h - 2 potions of mutation {unknown}
 j - 3 potions of haste {unknown}
 m - a potion of curing {unknown}

Dungeon Overview and Level Annotations

Branches:
Dungeon (4/15)
 Temple: D:4-7

Altars:
Yredelemnul

## .# .######### #########
..)......###)......# ######
.##.......)..)...#.# #.....
.##.####.###)###.#.# #.####
.........# #÷# #.#.# #.#
......#..# #.# #h#.# #.#
.##.#.#..###.###@#.#########.####
[##.#.#.........oK........>......
....#.#................#.###.##..
÷##.#.#..###.##...)###.#.###.#...
....#.#..# #.##.#..#.......#.....
..###.#..###.##.#..#.......###...
..###.............<........# ##..
...÷.....###.......#.......# ##.
..#####.## ####.....>......# #.


You could see a hound, an orc and a kobold.


Message History

* * * LOW HITPOINT WARNING * * *
The orc hits you with a +0 whip.
* * * LOW HITPOINT WARNING * * *
The orc priest looks braver for a moment.
The kobold misses you. The orc hits you with a +0 whip.
* * * LOW HITPOINT WARNING * * *
There is a stone staircase leading up here.
The hound barely misses you. The kobold hits you but does no damage.
The orc hits you with a +0 whip.
* * * LOW HITPOINT WARNING * * *
The orc priest calls upon Beogh to heal the orc.
The orc's wounds heal themselves!
The hound bites you.
* * * LOW HITPOINT WARNING * * *
You climb upwards.
There is a stone staircase leading down here.
Unknown command.
You hit the orc. You burn the orc.
The orc is heavily wounded.
You barely miss the kobold. You hit the hound but do no damage.
The hound closely misses you. The kobold hits you with a +0 dagger.
* * * LOW HITPOINT WARNING * * *
The orc hits you with a +0 whip.
* * * LOW HITPOINT WARNING * * *
Unknown command.
You hit the kobold. You burn the kobold.
The kobold is severely wounded.
You hit the hound. You burn the hound. You closely miss the orc.
The hound bites you.
You die...
Ignis goes out, and joins you in death.

Skill      XL: |  1  2  3  4 |
---------------+-------------+-----
Armour         | 1 2 |  2.0
Fire Magic     | 4 |  4.4
Axes           | 4 |  4.4
Fighting       | 4 |  4.0
Spellcasting   | |  1.9

Action                     |  1- 3 |  4- 6 || total
---------------------------+-------+-------++-------
  Melee: Hand axe          |    61 |    17 ||    78
   Cast: Scorch            |    30 |     4 ||    34
    Use: Scroll            |       |     3 ||     3
 Armour: Robe              |    43 |    23 ||    66
  Dodge: Dodged            |    40 |    20 ||    60

Levels and vault maps discovered:
D:1:      elethiomel_arrival_quiet, layout_basic,
          nicolae_kite_square_tiling_tiny
D:2:      layout_basic, basic_altar
D:3:      layout_loops_ring, uniq_jessica
D:4:      layout_rooms, portal_sewer_entry_e

Notes
Turn   | Place    | Note
-------+----------+-------------------------------------------
     0 | D:1      | cforsyth the Mountain Dwarf Cinder Acolyte began the quest
                  | for the Orb.
     0 | D:1      | Reached XP level 1. HP: 19/19 MP: 2/2
   384 | D:1      | Reached XP level 2. HP: 8/26 MP: 3/3
   390 | D:1      | Learned a level 2 spell: Scorch
   724 | D:2      | Reached skill level 1 in Armour
   842 | D:2      | Reached skill level 4 in Fire Magic
   889 | D:2      | Reached XP level 3. HP: 27/31 MP: 1/5
  1007 | D:2      | Reached skill level 4 in Axes
  1561 | D:2      | Found a basalt altar of Yredelemnul.
  2013 | D:3      | Identified the +4 sling "Qosm" {flame, *Slow rElec rC++}
  2036 | D:3      | Noticed Jessica
  2048 | D:3      | Reached XP level 4. HP: 15/40 MP: 1/6
  2055 | D:3      | Killed Jessica
  2056 | D:3      | Reached skill level 4 in Fighting
  2056 | D:3      | Reached skill level 2 in Armour
  2543 | D:3      | HP: 4/40 [orc/+0 whip (1)]
  2544 | D:3      | Slain by a hound

Vanquished Creatures
  A hound (D:3)
  Jessica (D:3)
  2 adders (D:2)
  A dart slug (D:1)
  2 ribbon worms (D:2)
  5 orcs
  3 endoplasms (D:2)
  6 goblins
  5 hobgoblins
  2 quokkas
  4 ball pythons
  2 bats
  3 frilled lizards
  6 kobolds
  3 rats
46 creatures vanquished.

Table legend: (Time is in decaauts)
 A = Elapsed time spent in this place.
 B = Non-inter-level travel time spent in this place.
 C = Inter-level travel time spent in this place.
 D = Time resting spent in this place.
 E = Time spent auto-exploring this place.
 F = Levels seen in this place.
 G = Mean time per level.
                   A        B        C        D        E       F      G
               +--------+--------+--------+--------+--------+-----+--------+
         Total |   2552 |   2471 |     81 |     25 |   2128 |   4 |  638.0 |
       Dungeon |   2552 |   2471 |     81 |     25 |   2128 |   4 |  638.0 |
               +--------+--------+--------+--------+--------+-----+--------+

Top non-repeatable levels by time:
     D:2: 918 daAuts
     D:3: 883 daAuts
     D:1: 718 daAuts
     D:4: 32 daAuts

Table legend:
 A = Non-vault XP
 B = Vault XP
 C = Vault XP percentage of total XP
 D = Non-vault monster count
 E = Vault monster count
 F = Vault count percentage of total count
                 A         B        C        D         E       F
            +---------+---------+-------+---------+---------+-------
      Total |     150 |      37 |  19.8 |      45 |       1 |   2.2
            +---------+---------+-------+---------+---------+-------
        D:1 |      17 |       0 |   0.0 |       9 |       0 |   0.0
        D:2 |      60 |       0 |   0.0 |      19 |       0 |   0.0
        D:3 |      65 |      37 |  36.3 |      14 |       1 |   6.7
        D:4 |       8 |       0 |   0.0 |       3 |       0 |   0.0
            +---------+---------+-------+---------+---------+-------
